 Dungeon Crawl Stone Soup version 0.22-b1-21-g5cfc1688f2 (webtiles) character file.

29 Kirk the Chopper (level 3, -1/27 HPs)
             Began as a Demonspawn Gladiator on Aug 5, 2018.
             Slain by a gnoll
             ... wielding a +0 halberd
              (6 damage)
             ... on level 2 of the Dungeon.
             The game lasted 00:01:28 (1168 turns).

Kirk the Chopper (Demonspawn Gladiator)             Turns: 1168, Time: 00:01:29

Health: -1/27      AC:  6    Str: 15    XL:     3   Next: 1%
Magic:  3/3        EV: 11    Int:  9    God:
Gold:   48         SH:  0    Dex: 14    Spells: 2/2 levels left

rFire    . . .     SeeInvis .   a - +0 war axe
rCold    . . .     Gourm    .   (no shield)
rNeg     . . .     Faith    .   m - +0 ring mail
rPois    .         Spirit   .   c - +0 helmet
rElec    .         Reflect  .   (no cloak)
rCorr    .         Harm     .   (no gloves)
MR       .....                  (no boots)
Stlth    ..........             (no amulet)
HPRegen  0.09/turn              i - ring of flight
MPRegen  0.08/turn              (no ring)

@: no status effects
A: hooves 2
a: Evoke Flight


You were on level 2 of the Dungeon.
You were not hungry.

You visited 1 branch of the dungeon, and saw 2 of its levels.

You collected 48 gold pieces.

Inventory:

Hand Weapons
 a - a +0 war axe (weapon)
Missiles
 d - 3 throwing nets (quivered)
Armour
 c - a +0 helmet (worn)
 m - a +0 ring mail (worn)
Jewellery
 i - a ring of flight (left hand)
Scrolls
 b - a scroll of enchant armour {unknown}
 g - 2 scrolls of identify {unknown}
 h - a scroll of fog {unknown}
 l - a scroll of teleportation {unknown}
Potions
 e - 2 potions of brilliance {unknown}
 j - 2 potions of heal wounds {unknown}
 k - 3 potions of magic {unknown}
Comestibles
 f - 2 rations


   Skills:
 - Level 2.0 Fighting
 + Level 3.5 Axes
 - Level 1.7 Throwing
 + Level 1.1 Armour
 - Level 2.6 Dodging


You had 2 spell levels left.
You didn't know any spells.
Your spell library was empty.

Dungeon Overview and Level Annotations

Branches:
Dungeon (2/15)

Altars:


Innate Abilities, Weirdness & Mutations

You have hoof-like feet.


Message History

The gnoll misses you.
You see here a leopard gecko corpse.
You hit the gnoll.
The gnoll is lightly wounded.
The gnoll hits you with a halberd.
You barely miss the gnoll.
The gnoll is lightly wounded.
The gnoll barely misses you.
You completely miss the gnoll. You kick the gnoll.
The gnoll is moderately wounded.
The gnoll hits you but does no damage.
You hit the gnoll but do no damage.
The gnoll is moderately wounded.
The gnoll barely misses you.
You barely miss the gnoll.
The gnoll is moderately wounded.
The gnoll hits you with a halberd.
* * * LOW HITPOINT WARNING * * *
The gnoll hits you with a halberd.
You die...

##.>.#...###.## ##.## #
##.........##..# #..## .#
#...........##.# ##..# ###.
#............#.#### ##.###..
#.............g...# #..##.###
##.......>..###g##.######.##ggg#
#......#...## #r##.g..gg#..).#.'
#...######## #g######..g..###.'
#...# #@# ##...#.#..# ##
#...#### #.###..###..#.## #
#......## #..##.## ##.#..#.#
#...##..## #<....# #......#
#...###..######..#### ##.....#
#...# ##....)....# ###....##
##### ###.....#.# #....#..#
##..###.#.# #####.#(##..#
#..####...###.....#.# ..


You could see 3 gnolls and a rat.

Vanquished Creatures
  A gnoll (D:2)
  A worm (D:2)
  A leopard gecko (D:2)
  A giant cockroach (D:1)
  3 goblins
  2 hobgoblins
  A ball python (D:2)
  2 bats (D:1)
  3 frilled lizards (D:2)
  A kobold (D:1)
  A rat (D:2)
17 creatures vanquished.

Notes
Turn   | Place    | Note
-------+----------+-------------------------------------------
     0 | D:1      | Kirk the Demonspawn Gladiator began the quest for the Orb.
     0 | D:1      | Reached XP level 1. HP: 16/16 MP: 1/1
   400 | D:1      | Reached skill level 3 in Axes
   783 | D:2      | Gained mutation: You have large cloven feet. [demonic ancestry]
   783 | D:2      | Reached XP level 2. HP: 22/22 MP: 2/2
  1090 | D:2      | Reached skill level 1 in Armour
  1162 | D:2      | Gained mutation: You have hoof-like feet. [demonic ancestry]
  1162 | D:2      | Reached XP level 3. HP: 18/27 MP: 3/3
  1168 | D:2      | Slain by a gnoll

Skill      XL: |  1  2 |
---------------+-------+-----
Axes           | 3 |  3.5
Armour         | 1 |  1.1
Fighting       | |  2.0
Throwing       | |  1.7
Dodging        | |  2.6

Action                   || total
-------------------------++-------
Melee: War axe           ||    58
       Kick              ||     4
  Eat: Chunk             ||     1
Armor: Leather armour    ||    11
       Ring mail         ||     9
Dodge: Dodged            ||    58
